 Dungeon Sprint DCSS version bcrawl-1.21.3-2-g9d8a61a446 (webtiles) character file.

Game seed: 14972452640062516548

6700000 Groucho the Intangible (level 21, -13/132 (134) HPs)
             Began as a Spriggan Abyssal Knight on Apr 17, 2020.
             Was the Champion of Makhleb.
             Mangled by a destroyer
             ... wielding a +9 great sword of slicing
              (145 damage)
             ... in the Dungeon (Sprint VIII: "Arena of Blood").
             The game lasted 00:01:49 (67 turns).

Groucho the Intangible (Spriggan Abyssal Knight)      Turns: 67, Time: 00:01:49

HP:   -13/132 (134) AC:  4    Str:  8    XL:     21   Next: 97%
MP:   18/53         EV: 42    Int: 16    God:    Makhleb [******]
Gold: 0             SH:  0    Dex: 23    Spells: 74/74 levels left

rFire    . . .     SeeInvis +   l - +โˆž Axe of Woe
rCold    . . .     Gourm    .   (shield currently unavailable)
rNeg     . . .     Faith    .   b - +0 robe
rPois    .         Spirit   .   (helmet restricted)
rElec    .         Reflect  .   (no cloak)
rCorr    .         Harm     .   (gloves unavailable)
MR       +++..     NoTele   +   (boots unavailable)
Stlth    ++++......             (no amulet)
HPRegen  0.32/turn              (no ring)
MPRegen  0.33/turn              (no ring)

@: contaminated, glowing, very quick
A: very small, unfitting armour, see invisible, herbivore, speed 3, slow
metabolism 2
a: Minor Destruction, Lesser Servant of Makhleb, Major Destruction, Greater
Servant of Makhleb, Renounce Religion


You were in the Dungeon.
You worshipped Makhleb.
Makhleb was exalted by your worship.
You were not hungry.

You visited 1 branch

Inventory:

Hand Weapons
 a - a +1 short sword
 l - the +โˆž Axe of Woe (weapon)
   (You found it in the Dungeon)
Missiles
 c - 10 tomahawks of dispersal (quivered)
 d - 40 stones
Armour
 b - a +0 robe (worn)
Scrolls
 k - a scroll of blinking
Potions
 f - a potion of curing
 g - a potion of heal wounds
 h - a potion of haste
 i - 2 potions of magic
 j - a potion of berserk rage
Comestibles
 e - a ration {!d}


   Skills:
 + Level 23.3 Fighting
 + Level 25.9 Short Blades
 O Level 27 Axes
 + Level 21.1 Throwing
 O Level 27 Armour
 O Level 27 Dodging
 O Level 27 Stealth
 O Level 27 Unarmed Combat
 O Level 27 Spellcasting
 + Level 22.4 Invocations


You had 74 spell levels left.
You didn't know any spells.
Your spell library was empty.

Dungeon Overview and Level Annotations

Branches:
Dungeon (1/1)

Altars:
Makhleb


Innate Abilities, Weirdness & Mutations

You are very small and have problems with some larger weapons.
You are too small for most types of armour.
You have supernaturally acute eyesight. (SInv)
You are a herbivore.
You cover ground extremely quickly.
You need to consume almost no food.


Message History

Your Short Blades skill increases to level 25!
Your Throwing skill gained 2 levels and is now at level 21!
Your Invocations skill gained 2 levels and is now at level 22! notify_dgn_event: Lua error: [string "global_prelude"]:208: Unknown spell name: 'hurl damnation' in 'symbol_of_torment.34.natural;hurl_damnation.33.natural;call_down_damnation.33. natural' You hear a shout! x9
A tyrant comes into view.
You hear a shout! x2
No path to travel! notify_dgn_event: Lua error: [string "global_prelude"]:208: Unknown spell name: 'hurl damnation' in 'symbol_of_torment.34.natural;hurl_damnation.33.natural;call_down_damnation.33. natural' You hear a shout! x11
The destroyer blinks!
A destroyer comes into view.
It is wielding a +9 great sword of slicing.
You hear a shout! x5 notify_dgn_event: Lua error: [string "global_prelude"]:208: Unknown spell name: 'hurl damnation' in 'symbol_of_torment.34.natural;hurl_damnation.33.natural;call_down_damnation.33. natural' You hear a shout! x5
A meat berserker comes into view. It is wielding a +9 battleaxe.
You hear a shout! x4
The destroyer hits you with a +9 great sword of slicing!!!!!
Ouch! That really hurt!
You die...

..... .. #...
..# o #... ..#
..###... ..###.
......###O.....
....._..L...
#V)...# #@)<._#
#oo...#
......._.......
......###......
oo###.ยง.
..###. . #...
..# #... .#
V.... .. .. ..


You could see a tyrant, 2 destroyers, a meat berserker (berserk) and 2 bags of
meat.

Vanquished Creatures
  A greater mummy (D)
  A vampire knight (D)
  8 ogres (D)
  12 orcs (D)
  2 skeletal warriors (D)
  A small abomination (D)
  2 large abominations (D)
  A thrashing horror (D)
  A wretched star (D)
  A crawling corpse (D)
30 creatures vanquished.

Notes
Turn   | Place    | Note
-------+----------+-------------------------------------------
     0 | D        | Found the +โˆž Axe of Woe
     0 | D        | Groucho the Spriggan Abyssal Knight began the quest for the
                  | Orb.
     0 | D        | Reached XP level 1. HP: 11/11 MP: 3/3
     2 | D        | Noticed a bag of meat
     3 | D        | Noticed a bag of meat
     3 | D        | Noticed a bag of meat
     3 | D        | Noticed a bag of meat
     5 | D        | Fell from the grace of Lugonu
     5 | D        | Became a worshipper of Makhleb the Destroyer
     7 | D        | Noticed a bag of meat
     7 | D        | Noticed a bag of meat
     8 | D        | Killed a bag of meat
     8 | D        | Reached skill level 10 in Invocations
     8 | D        | Reached XP level 2. HP: 32/32 MP: 3/9
     8 | D        | Reached XP level 3. HP: 37/37 MP: 3/10
     8 | D        | Reached XP level 4. HP: 42/42 MP: 3/12
     8 | D        | Reached XP level 5. HP: 46/46 MP: 3/13
     8 | D        | Reached XP level 6. HP: 51/51 MP: 3/15
     8 | D        | Reached XP level 7. HP: 56/56 MP: 3/16
     8 | D        | Reached XP level 8. HP: 60/60 MP: 3/17
     8 | D        | Reached XP level 9. HP: 65/65 MP: 3/18
     8 | D        | Reached XP level 10. HP: 70/70 MP: 3/19
     8 | D        | Reached XP level 11. HP: 74/74 MP: 3/20
     8 | D        | Noticed a meat berserker
    12 | D        | Killed a meat berserker
    12 | D        | Reached * piety under Makhleb
    12 | D        | Reached XP level 12. HP: 29/79 MP: 3/21
    12 | D        | Reached XP level 13. HP: 31/84 MP: 3/22
    12 | D        | Noticed a bag of meat
    12 | D        | Noticed a meat berserker
    13 | D        | Killed a bag of meat
    13 | D        | Reached skill level 27 in Dodging
    13 | D        | Reached XP level 14. HP: 33/89 MP: 4/23
    14 | D        | Noticed a meat berserker
    15 | D        | Killed a bag of meat
    15 | D        | Noticed a bag of meat
    15 | D        | Noticed a meat berserker
    16 | D        | Killed a meat berserker
    16 | D        | Reached ** piety under Makhleb
    16 | D        | Reached XP level 15. HP: 72/93 MP: 4/24
    17 | D        | Killed a meat berserker
    17 | D        | Reached skill level 27 in Axes
    17 | D        | Reached XP level 16. HP: 76/98 MP: 4/25
    18 | D        | Noticed a meat berserker
    18 | D        | Noticed a meat berserker
    21 | D        | Killed a meat berserker
    21 | D        | Reached skill level 10 in Armour
    21 | D        | Reached skill level 10 in Unarmed Combat
    22 | D        | Killed a meat berserker
    22 | D        | Reached *** piety under Makhleb
    22 | D        | Reached XP level 17. HP: 102/102 MP: 5/40
    23 | D        | Reached skill level 15 in Unarmed Combat
    24 | D        | Killed a meat berserker
    24 | D        | Reached **** piety under Makhleb
    24 | D        | Reached skill level 27 in Stealth
    24 | D        | Reached XP level 18. HP: 107/107 MP: 5/46
    32 | D        | Reached skill level 27 in Spellcasting
    32 | D        | Reached XP level 19. HP: 112/112 MP: 8/51
    41 | D        | Noticed a meat berserker
    42 | D        | Reached ***** piety under Makhleb
    46 | D        | Noticed a destroyer
    47 | D        | Noticed an accursed
    47 | D        | Killed a meat berserker
    54 | D        | Killed an accursed
    54 | D        | Reached skill level 27 in Armour
    54 | D        | Reached skill level 27 in Unarmed Combat
    54 | D        | Reached XP level 20. HP: 118/118 MP: 14/52
    54 | D        | Killed a destroyer
    54 | D        | Reached ****** piety under Makhleb
    54 | D        | Reached skill level 15 in Throwing
    54 | D        | Reached XP level 21. HP: 126/126 MP: 14/53
    62 | D        | Noticed a destroyer
    65 | D        | Noticed a tyrant
    66 | D        | Noticed a destroyer
    67 | D        | Mangled by a destroyer

Skill      XL: |  1  2  3  4  5  6  7  8  9 10 11 12 13 14 15 16 17 18 19 20 21 |
---------------+----------------------------------------------------------------+-----
Fighting       | 17 18 20 23 | 23.3
Short Blades   | 12 16 20 25 | 25.9
Throwing       | 4 11 15 21 | 21.1
Dodging        | 18 26 27 | 27.0
Invocations    | 10 14 17 22 | 22.4
Axes           | 14 18 25 27 | 27.0
Armour         | 12 16 19 27 | 27.0
Stealth        | 22 27 | 27.0
Unarmed Combat | 13 18 20 27 | 27.0
Spellcasting   | 18 23 27 | 27.0

Action                   |  1- 3 |  4- 6 |  7- 9 | 10-12 | 13-15 | 16-18 | 19-21 || total
-------------------------+-------+-------+-------+-------+-------+-------+-------++-------
Melee: Broad axe         |     1 |       |       |     1 |     4 |     8 |     8 ||    22
Dodge: Dodged            |       |       |       |       |       |     1 |     1 ||     2
